 Dungeon Crawl Stone Soup version 0.18.1-5-g4a78601 (webtiles) character file.

1358 inmateoo the Archer (level 8, -2/68 HPs)
             Began as a Centaur Hunter on May 9, 2016.
             Was a Follower of Okawaru.
             Shot with an arrow by a centaur (16 damage)
             ... on level 7 of the Dungeon.
             The game lasted 00:14:59 (7197 turns).

inmateoo the Archer (Centaur Hunter)                Turns: 7197, Time: 00:14:59

Health: -2/68      AC: 10    Str: 15    XL:     8   Next: 37%
Magic:  8/8        EV: 11    Int: 10    God:    Okawaru [*.....]
Gold:   495        SH:  0    Dex: 12    Spells: 0 memorised, 7 levels left

rFire  + . .     SeeInvis .     l - +2 dagger (venom)
rCold  + . .     Gourm    .     e - +2 leather armour {rF+}
rNeg   . . .     Faith    .     (no shield)
rPois  .         Spirit   .     w - +2 hat
rElec  .         Dismiss  .     m - +1 cloak
rCorr  .         Reflect  .     (no gloves)
SustAt .         Harm     .     (no barding)
MR     .....                    (no amulet)
Stlth  ..........               (no ring)
                                p - ring of protection from cold

@: confused, very quick, not resistant to hostile enchantments, extremely
unstealthy
A: hooves 3, deformed body, speed 2, tough skin 3
a: Heroism, Renounce Religion


You were on level 7 of the Dungeon.
You worshipped Okawaru.
Okawaru was aware of your devotion.
You were not hungry.

You visited 2 branches of the dungeon, and saw 8 of its levels.

You collected 495 gold pieces.

Inventory:

Hand Weapons
 a - a +2 shortbow
 l - a +2 dagger of venom (weapon)
 s - a +0 spear
Missiles
 d - 20 arrows
Armour
 e - a +2 leather armour of fire resistance (worn)
 m - a +1 cloak (worn)
 w - a +2 hat (worn)
Jewellery
 p - a ring of protection from cold (left hand)
Wands
 n - a wand of digging (17/24)
 z - a wand of lightning (6/15)
Scrolls
 b - a scroll of fog
 h - 2 scrolls of remove curse
 q - a scroll of teleportation
 r - a scroll of amnesia
 x - 3 scrolls of magic mapping
 y - a scroll of blinking
 A - 2 scrolls of recharging
 E - a scroll of enchant weapon
Potions
 c - 2 potions of magic {unknown}
 i - 4 potions of curing
 j - 2 potions of agility
 k - 2 potions of lignification
 t - a potion of cancellation
 u - a potion of berserk rage
 B - 3 potions of flight {unknown}
 C - 2 potions of haste
 D - a potion of brilliance
Comestibles
 f - 3 bread rations
 g - 5 beef jerkies
 v - 5 meat rations


   Skills:
 + Level 5.1 Fighting
 * Level 10.7 Bows
 + Level 0.9 Armour
 + Level 4.0 Dodging
 - Level 0.5 Stealth
 + Level 1.0 Invocations


You had 7 spell levels left.
You didn't know any spells.

Dungeon Overview and Level Annotations

Branches:
Dungeon (7/15)             Temple (1/1) D:4

Altars:
Ashenzari
Cheibriados
Dithmenos
Elyvilon
Fedhas
Kikubaaqudgha
Makhleb
Nemelex Xobeh
Okawaru
Pakellas
Qazlal
Ru
Sif Muna
Trog
Vehumet
Xom
Yredelemnul


Innate Abilities, Weirdness & Mutations

You have hooves in place of feet.
Armour fits poorly on your strangely shaped body.
You cover ground very quickly.
You have extremely tough skin (AC +3).


Message History

Okay, then.
Drink which item? (? for menu, Esc to quit)
You are confused.
You feel invigorated.
Wield which item (- for none, * to show all)? (? for menu, Esc to quit)
Your +2 dagger of venom begins to drip with poison!
l - a +2 dagger of venom (weapon)
The centaur shoots an arrow.
The arrow hits you but does no damage.
You see here an arrow.
The centaur shoots an arrow.
The arrow hits you!
* * * LOW HITPOINT WARNING * * *
You see here an arrow.
The centaur shoots an arrow.
The arrow hits you!
* * * LOW HITPOINT WARNING * * *
You see here an arrow.
Drink which item? (? for menu, Esc to quit)
Okay, then.
The centaur shoots an arrow.
The arrow barely misses you.
The centaur shoots an arrow.
The arrow hits you!
You die...

#............. #.............
#..# #............. ...
#.....c.....c( #..#
##..........^.. ##..# ########
##...c..(....... #...#
#......####......(........
#...###
#........#...#........#..
#.....###.......@...###.....###
.......###......(..## #######
.........##....(((.#
...........#.......#
..................##
#...............###
####...........## ########..###
####


You could see a centaur.

Vanquished Creatures
  An ogre (D:4)
  A giant frog (D:4)
  Blork the orc (D:6)
  A wyvern skeleton (D:6)
  3 scorpions
  3 wights (D:6)
  A howler monkey (D:5)
  A centaur skeleton (D:6)
  A jelly (D:5)
  An orc wizard (D:6)
  An orc priest (D:3)
  3 hounds
  A giant frog skeleton (D:5)
  Terence (D:2)
  Crazy Yiuf (D:3)
  Ijyb (D:2)
  2 iguanas (D:6)
  Natasha (thrice) (D:3)
  3 worker ants
  A hound skeleton (D:7)
  Robin (D:3)
  3 gnolls (D:3)
  8 adders
  3 oozes
  4 worms
  A dart slug (D:3)
  5 giant geckos
  7 orcs
  7 ball pythons
  3 bats
  6 giant cockroaches
  2 gnoll zombies (D:2)
  16 goblins
  10 hobgoblins
  14 jackals
  10 kobolds
  2 quokkas (D:2)
  A giant newt (D:1)
  A quokka zombie (D:6)
  9 rats
  A fungus (D:3)
145 creatures vanquished.

Vanquished Creatures (others)
  A jelly (D:6)
1 creature vanquished.

Grand Total: 146 creatures vanquished

Notes
Turn   | Place    | Note
--------------------------------------------------------------
     0 | D:1      | inmateoo the Centaur Hunter began the quest for the Orb.
     0 | D:1      | Reached XP level 1. HP: 17/17 MP: 1/1
   406 | D:1      | Reached XP level 2. HP: 24/24 MP: 2/2
   765 | D:1      | Reached skill level 6 in Bows
   885 | D:1      | Reached XP level 3. HP: 28/30 MP: 3/3
  1303 | D:2      | Noticed Ijyb
  1332 | D:2      | Killed Ijyb
  1559 | D:2      | Reached XP level 4. HP: 37/37 MP: 4/4
  2155 | D:2      | Found a basalt altar of Yredelemnul.
  2678 | D:3      | Noticed Terence
  2857 | D:2      | Killed Terence
  2857 | D:2      | Reached skill level 7 in Bows
  2902 | D:3      | Noticed Natasha
  2902 | D:3      | Noticed Robin
  2923 | D:3      | Killed Natasha
  2923 | D:3      | Reached XP level 5. HP: 43/45 MP: 5/5
  2936 | D:3      | Killed Robin
  2970 | D:3      | Noticed Natasha
  2980 | D:3      | Killed Natasha
  3026 | D:3      | Noticed Natasha
  3036 | D:3      | Killed Natasha
  3098 | D:3      | Reached XP level 6. HP: 45/51 MP: 6/6
  3109 | D:3      | Reached skill level 8 in Bows
  3726 | D:3      | Noticed Crazy Yiuf
  3817 | D:3      | Killed Crazy Yiuf
  4420 | D:4      | Found a snail-covered altar of Cheibriados.
  4428 | D:4      | Reached skill level 9 in Bows
  4428 | D:4      | Reached XP level 7. HP: 59/59 MP: 7/7
  4450 | D:4      | Found a staircase to the Ecumenical Temple.
  4510 | Temple   | Entered the Ecumenical Temple
  4737 | D:5      | Entered Level 5 of the Dungeon
  4887 | D:5      | Found an iron altar of Okawaru.
  4887 | D:5      | Found a blossoming altar of Fedhas.
  4958 | D:5      | Became a worshipper of Warmaster Okawaru
  5415 | D:5      | Found a burning altar of Makhleb.
  6064 | D:6      | Reached skill level 10 in Bows
  6159 | D:6      | Reached * piety under Okawaru
  6187 | D:6      | Reached XP level 8. HP: 67/67 MP: 8/8
  6229 | D:6      | Found a stormy altar of Qazlal.
  6465 | D:6      | Reached skill level 5 in Fighting
  6959 | D:6      | Noticed Blork the orc
  6966 | D:6      | Killed Blork the orc
  7142 | D:7      | Reached skill level 1 in Invocations
  7197 | D:7      | Shot with an arrow by a centaur

Skill      XL: |  1  2  3  4  5  6  7  8 |
---------------+-------------------------+-----
Bows           | 6 7 9 10 | 10.7
Dodging        | 2 3 4 |  4.0
Fighting       | 3 4 5 |  5.1
Invocations    | 1 |  1.0
Armour         | |  0.9
Stealth        | |  0.5

Action                   |  1- 3 |  4- 6 |  7- 9 || total
-------------------------+-------+-------+-------++-------
Melee: Short sword       |    20 |       |       ||    20
       Kick              |     8 |    52 |    46 ||   106
       Spear             |     5 |   151 |       ||   156
       Dagger            |       |   103 |   148 ||   251
 Fire: Shortbow          |   101 |    66 |    50 ||   217
  Use: Scroll            |       |    12 |     9 ||    21
       Potion            |       |       |     1 ||     1
  Eat: Chunk             |     1 |     6 |     7 ||    14
       Pizza             |       |     1 |       ||     1
Armor: Leather armour    |    19 |    82 |    60 ||   161
Dodge: Dodged            |    17 |    78 |    85 ||   180
